 Dungeon Crawl Stone Soup version 0.19-a0-1886-gd64a0f0 (console) character file.

483 brucemayne the Cleaver (level 7, -2/57 HPs)
             Began as a Hill Orc Monk on Oct 15, 2016.
             Slain by an iguana (6 damage)
             ... on level 7 of the Dungeon.
             The game lasted 00:08:56 (2559 turns).

brucemayne the Cleaver (Hill Orc Monk)              Turns: 2559, Time: 00:08:57

Health: -2/57      AC: 12    Str: 16    XL:     7   Next: 12%
Magic:  7/7        EV:  5    Int: 10    God:
Gold:   233        SH:  4    Dex: 13    Spells: 0 memorised, 6 levels left

rFire  . . .     SeeInvis .     a - +0 hand axe
rCold  . . .     Gourm    .     J - +0 plate armour
rNeg   . . .     Faith    .     g - +0 buckler
rPois  +         Spirit   .     o - +0 helmet
rElec  .         Dismiss  .     c - +0 cloak
rCorr  .         Reflect  .     (no gloves)
MR     +....     Harm     .     (no boots)
Stlth  ..........               (no amulet)
                                E - ring of poison resistance
                                y - ring of protection from magic

@: no status effects
A: no striking features
a: no special abilities


You were on level 7 of the Dungeon.
You were hungry.

You visited 1 branch of the dungeon, and saw 7 of its levels.

You collected 233 gold pieces.

Inventory:

Hand Weapons
 a - a +0 hand axe (weapon)
 u - a +1 short sword of venom
 F - a +2 mace of protection
Missiles
 e - 2 needles of confusion
 q - 43 poisoned needles
 r - 7 tomahawks (quivered)
 w - 2 poisoned tomahawks
Armour
 b - a +0 robe
 c - a +0 cloak (worn)
 f - a +0 chain mail
 g - a +0 buckler (worn)
 i - a +0 ring mail
 o - a +0 helmet (worn)
 G - a +0 chain mail
 J - a +0 plate armour (worn)
Jewellery
 y - a ring of protection from magic (left hand)
 B - an uncursed amulet of dismissal
 E - a ring of poison resistance (right hand)
Scrolls
 d - 2 scrolls of magic mapping
 j - 2 scrolls of identify
 l - 3 scrolls of remove curse
 p - 2 scrolls of blinking
 s - a scroll of immolation {unknown}
 v - a scroll of amnesia {unknown}
 z - a scroll of fog {unknown}
 A - 2 scrolls of enchant armour {unknown}
 H - a scroll of noise {unknown}
Potions
 m - 2 potions of mutation {unknown}
 n - a potion of haste {unknown}
 x - a potion of curing
 D - a potion of brilliance {unknown}
 I - a potion of agility {unknown}
Comestibles
 h - 3 meat rations
 k - 2 royal jellies
 t - 2 bread rations


   Skills:
 - Level 3.6 Fighting
 + Level 9.5 Axes
 - Level 2.4 Dodging
 - Level 1.5 Stealth
 - Level 3.1 Shields


You had 6 spell levels left.
You didn't know any spells.

Dungeon Overview and Level Annotations

Branches:
Dungeon (7/15)
 Temple: D:4-7

Altars:
Dithmenos
Fedhas
Kikubaaqudgha
Zin

Annotations:
D:5 Prince Ribbit
D:7 brucemayne's ghost, novice HOMo


Message History

The iguana bites you but does no damage.
You feel better. The iguana bites you.
* * * LOW HITPOINT WARNING * * *
You hit the iguana.
The iguana is severely wounded.
You closely miss the iguana.
The iguana is severely wounded.
The iguana barely misses you.
You hit the iguana but do no damage.
The iguana is severely wounded.
The iguana bites you.
* * * LOW HITPOINT WARNING * * *
Your plate armour prevents you from hitting the iguana.
The iguana is severely wounded.
The iguana bites you!
* * * LOW HITPOINT WARNING * * *
You hit the iguana.
The iguana is severely wounded.
The iguana bites you.
You die...

*,* *,* *,* #.*###
*,*****####.,..#
*,**,,,,..#.##.###
*,**,####.#./....##
*,*#,#...<#..%....#
#,*#.#.##.#..._...#
#.##.#.##.#...l...#
#.........#...@...#
*#####.#.########...#
,..................##
*#####.#.###########
#.#..,,,,* #,....,,,*
*.#####*** #.* #**


You could see an iguana.

Vanquished Creatures
  2 slaves (D:4)
  A bullfrog (D:5)
  A scorpion (D:7)
  A crimson imp (D:5)
  A hound (D:4)
  2 orc priests
  An iguana (D:4)
  3 worker ants
  Robin (D:2)
  5 adders
  An ooze (D:3)
  An adder zombie (D:5)
  A dart slug (D:2)
  5 leopard geckos
  13 orcs
  5 bats
  3 giant cockroaches
  14 goblins
  7 hobgoblins
  6 jackals
  2 quokkas
  3 frilled lizards
  3 kobolds
  3 rats
85 creatures vanquished.

Notes
Turn   | Place    | Note
-------+----------+-------------------------------------------
     0 | D:1      | brucemayne the Hill Orc Monk began the quest for the Orb.
     0 | D:1      | Reached XP level 1. HP: 19/19 MP: 1/1
   103 | D:1      | Reached XP level 2. HP: 15/26 MP: 2/2
   204 | D:2      | Reached skill level 5 in Axes
   304 | D:2      | Reached XP level 3. HP: 11/31 MP: 3/3
   351 | D:2      | HP: 1/31 [adder (3)]
   359 | D:2      | Reached skill level 1 in Shields
   706 | D:2      | Noticed Robin
   743 | D:2      | Killed Robin
   743 | D:2      | Reached XP level 4. HP: 23/39 MP: 4/4
   797 | D:3      | Found a shadowy altar of Dithmenos.
   885 | D:3      | Reached skill level 6 in Axes
  1088 | D:4      | Noticed a slave
  1241 | D:3      | Reached XP level 5. HP: 35/45 MP: 5/5
  1414 | D:5      | Entered Level 5 of the Dungeon
  1479 | D:5      | Reached skill level 7 in Axes
  1485 | D:5      | Found a blossoming altar of Fedhas.
  1600 | D:6      | Noticed an ogre
  1616 | D:5      | Noticed Prince Ribbit
  1751 | D:7      | Noticed brucemayne's ghost (novice HOMo)
  1835 | D:5      | Found an ancient bone altar of Kikubaaqudgha.
  1869 | D:5      | Reached skill level 8 in Axes
  1869 | D:5      | Reached XP level 6. HP: 14/51 MP: 6/6
  1892 | D:5      | Found a glowing silver altar of Zin.
  2026 | D:4      | Noticed a slave
  2028 | D:4      | Noticed a slave
  2111 | D:4      | Killed a slave
  2134 | D:4      | Killed a slave
  2339 | D:4      | Reached skill level 9 in Axes
  2345 | D:4      | Reached XP level 7. HP: 44/57 MP: 7/7
  2534 | D:7      | Found an ancient bone altar of Kikubaaqudgha.
  2559 | D:7      | Slain by an iguana

Vault maps used:
D:1:      scummos_arrival_checkerplants, minmay_misc_feat_hallway
D:2:      uniq_robin
D:3:      grunt_dithmenos_smoke_and_mirrors, nemelex_dance_club_becter
D:4:      first_bread, nicolae_ossuary_entry_plus, uniq_pikel
D:5:      kennysheep_mini, zin_scriptorium, lemuel_crystal_altar,
          chequers_temple_overflow_minitemple, uniq_prince_ribbit1
D:6:      kennysheep_little_box, ashenzari_altar_1,
          gammafunk_temple_overflow_elements, basic_altar,
          minmay_misc_feat_roman, minmay_guarded_unrand_vampires_tooth
D:7:      xom_shifter_show, basic_altar

Skill      XL: |  1  2  3  4  5  6 |
---------------+-------------------+-----
Axes           | 5 6 8 9 |  9.5
Shields        | 1 2 3 |  3.1
Fighting       | |  3.6
Dodging        | |  2.4
Stealth        | |  1.5

Action                   |  1- 3 |  4- 6 |  7- 9 || total
-------------------------+-------+-------+-------++-------
Melee: Hand axe          |   118 |   320 |    34 ||   472
  Use: Potion            |     1 |     2 |     1 ||     4
       Scroll            |       |     3 |       ||     3
 Stab: Sleeping          |     1 |       |       ||     1
  Eat: Bread ration      |       |     1 |       ||     1
       Chunk             |       |     1 |       ||     1
Armor: Robe              |    14 |       |       ||    14
       Chain mail        |    77 |   156 |       ||   233
       Plate armour      |       |       |     8 ||     8
Dodge: Dodged            |    70 |    83 |     3 ||   156
Block: Buckler           |    16 |    58 |     2 ||    76
